 Dungeon Crawl Stone Soup version 0.30-a0-824-g6c64550be9 (webtiles) character file.

Game seed: 11294332738772253939

1857 bmack86 the Chopper (level 8, -1/71 HPs)
             Began as a Minotaur Fighter on Feb 28, 2023.
             Was a Priest of Okawaru.
             Killed by nerve-wracking pain
             ... invoked by Grinder
              (12 damage)
             ... on level 6 of the Dungeon.
             The game lasted 00:15:10 (4780 turns).

bmack86 the Chopper (Minotaur Fighter)              Turns: 4780, Time: 00:15:11

Health: -1/71      AC: 13    Str: 24    XL:     8   Next: 89%
Magic:  9/9        EV:  9    Int:  5    God:    Okawaru [***...]
Gold:   534        SH: 10    Dex:  9    Spells: 7/7 levels left

rFire   . . .      SeeInvis .    a - +0 war axe
rCold   . . .      Faith    .    c - +0 buckler
rNeg    . . .      Spirit   .    b - +0 scale mail
rPois   .          Reflect  +    t - +2 hat
rElec   .          Harm     .    m - +2 cloak
rCorr   .          Rampage  .    (no gloves)
Will    .....                    (no boots) Stlth
                                 s - amulet of reflection
HPRegen 0.31/turn                (no ring)
MPRegen 0.11/turn                (no ring)

@: no status effects
A: horns 2, retaliatory headbutt
a: Renounce Religion, Heroism


You were on level 6 of the Dungeon.
You worshipped Okawaru.
Okawaru was most pleased with you.
You visited 2 branches of the dungeon, and saw 7 of its levels.
You also visited: Sewer and Ossuary.

You collected 534 gold pieces.

Inventory:

Hand Weapons
 a - a +0 war axe (weapon)
 n - a +0 war axe
Missiles
 e - a throwing net
 g - 9 poisoned darts (quivered)
 i - 6 javelins
Armour
 b - a +0 scale mail (worn)
 c - a +0 buckler (worn)
 m - a +2 cloak (worn)
 t - a +2 hat (worn)
Jewellery
 s - an amulet of reflection (around neck)
Wands
 d - a wand of mindburst (16)
 j - a wand of charming (21)
 k - a wand of flame (34)
Scrolls
 l - 2 scrolls of fear
 r - a scroll of vulnerability
 x - a scroll of teleportation
Potions
 f - 3 potions of berserk rage
 h - 5 potions of curing
 o - a potion of flight {unknown}
 p - a potion of resistance {unknown}
 q - a potion of ambrosia {unknown}
 u - 2 potions of mutation
 v - a potion of heal wounds {unknown}
 w - a potion of degeneration {unknown}


   Skills:
 + Level 6.4 Fighting
 * Level 7.9 Axes
 + Level 4.2 Throwing
 + Level 6.4 Armour
 + Level 6.4 Shields
 + Level 3.5 Invocations


You had 7 spell levels left.
You didn't know any spells.
Your spell library contained the following spells:

 Spells                   Type           Power      Damage    Failure   Level
 Shock                    Conj/Air       0%         1d3       83%         1
 Stone Arrow              Conj/Erth      0%         3d7       99%         3
 Lehudib's Crystal Spear  Conj/Erth      0%         10d2      100%        8
 Animate Armour           Summ/Erth      Unusable   N/A       N/A         4

Dungeon Overview and Level Annotations

Branches:
Dungeon (6/15)             Temple (1/1) D:4           Sewer (visited)
Ossuary (visited)

Altars:
Ashenzari
Cheibriados
Dithmenos
Hepliaklqana
Okawaru
Ru
Trog
Uskayaw
Xom
Zin
The Shining One

Annotations:
D:6 Grinder


Innate Abilities, Weirdness & Mutations

You have a pair of horns on your head.
You reflexively headbutt those who attack you in melee.


Message History

You closely miss the orc. The orc barely misses you.
The orc priest begins to cast a cantrip, but forgets the words!
You block Grinder's attack.
You hit Grinder.
Grinder is heavily wounded.
You hit the orc. You block Grinder's attack.
The orc hits you but does no damage. The orc priest barely misses you.
You barely miss Grinder. You headbutt Grinder!
Grinder is severely wounded.
You barely miss the orc. You block the orc's attack.
The orc priest hits you from afar with a +0 trident.
* * * LOW HITPOINT WARNING * * *
Grinder hits you.
* * * LOW HITPOINT WARNING * * *
You writhe in agony.
* * * LOW HITPOINT WARNING * * *
You closely miss Grinder.
Grinder is severely wounded.
You closely miss the orc. You block the orc's attack. Grinder gestures at you.
Pain shoots through your body!
* * * LOW HITPOINT WARNING * * *
The orc priest barely misses you. The orc hits you but does no damage.
Grinder gestures at you.
You struggle to resist.
The orc priest hits you but does no damage.
You barely miss Grinder.
Grinder is severely wounded.
You hit the orc.
You kill the orc!
Okawaru accepts your kill. Grinder hits you.
* * * LOW HITPOINT WARNING * * *
You writhe in agony.
* * * LOW HITPOINT WARNING * * *
You block the orc priest's attack.
You feel better. Grinder gestures at you. Pain shoots through your body!
You die...

#.#..... .. #.#.#.## #.
#.....## #. ###...†. #.
### ##...# #. ... # #..)#
######. #.##.#### #...#
.......##.......# #....
.......)@5...##.#####...#
.##...#.#..####..........
#...#o#................
.##....)##...............
.......)##.#..#.#####...#
.........)......# #....
###.###.##.#.##.# #...#
## ..###.#.##.# #...# ###
#......# #...#


You could see Grinder and an orc priest.

Vanquished Creatures
  Menkaure (D:6)
  Edmund (D:6)
  Pargi (Sewer)
  2 black bears
  2 ogres
  A centaur (D:6)
  A phantom (D:5)
  A kobold brigand (D:6)
  A bullfrog (D:6)
  2 elf zombies (Ossuary)
  3 scorpions
  2 necrophages
  A jelly (D:6)
  2 hounds
  An orc priest (D:6)
  Jessica (D:3)
  4 iguanas
  2 mummies (Ossuary)
  7 adders
  3 worms
  4 dart slugs
  7 orcs
  3 ball pythons
  11 bats
  6 endoplasms
  6 giant cockroaches
  7 gnoll zombies (Ossuary)
  4 goblins
  5 hobgoblins
  5 jackals
  2 quokkas
  2 frilled lizards
  4 goblin zombies (Ossuary)
  13 kobolds
  An orc zombie (Ossuary)
  6 rats
125 creatures vanquished.

Vanquished Creatures (others)
  An orc wizard (D:6)
1 creature vanquished.

Grand Total: 126 creatures vanquished

Notes
Turn   | Place    | Note
-------+----------+-------------------------------------------
     0 | D:1      | bmack86 the Minotaur Fighter began the quest for the Orb.
     0 | D:1      | Reached XP level 1. HP: 19/19 MP: 0/0
   137 | D:1      | Reached XP level 2. HP: 27/27 MP: 1/1
   250 | D:1      | Reached skill level 3 in Axes
   510 | D:1      | Reached XP level 3. HP: 29/33 MP: 2/2
   988 | D:2      | Reached skill level 1 in Throwing
  1247 | D:2      | Reached XP level 4. HP: 23/40 MP: 3/3
  1542 | D:3      | Found a faded altar of an unknown god.
  1553 | D:3      | Got Plato's Codex of Voltage
  1568 | D:3      | Noticed Jessica
  1571 | D:3      | Found a sacrificial altar of Ru.
  1577 | D:3      | Killed Jessica
  1578 | D:3      | Reached skill level 4 in Axes
  1709 | D:3      | Found an iron altar of Okawaru.
  1709 | D:3      | Found a hide-covered altar of Uskayaw.
  1711 | D:3      | Found a glowing golden altar of the Shining One.
  1711 | D:3      | Found a snail-covered altar of Cheibriados.
  1711 | D:3      | Found a shimmering altar of Xom.
  1711 | D:3      | Found a shadowy altar of Dithmenos.
  1712 | D:3      | Found a hazy altar of Hepliaklqana.
  1717 | D:3      | Became a worshipper of Warmaster Okawaru
  2166 | D:4      | Reached XP level 5. HP: 47/47 MP: 4/4
  2210 | D:4      | Found a sand-covered staircase.
  2221 | Ossuary  | Entered an ossuary
  2253 | Ossuary  | Reached skill level 1 in Invocations
  2253 | Ossuary  | Reached XP level 6. HP: 46/53 MP: 5/5
  2376 | D:4      | Reached skill level 5 in Axes
  2471 | D:4      | Found a broken altar of Ashenzari.
  2479 | D:4      | Reached * piety under Okawaru
  2602 | D:4      | Found a staircase to the Ecumenical Temple.
  2611 | Temple   | Entered the Ecumenical Temple
  2716 | D:4      | Reached skill level 5 in Fighting
  2939 | D:4      | Reached skill level 5 in Armour
  2939 | D:4      | Reached XP level 7. HP: 61/61 MP: 7/7
  3147 | D:5      | Entered Level 5 of the Dungeon
  3188 | D:5      | Reached skill level 5 in Shields
  3319 | D:5      | Found a glowing drain.
  3328 | D:5      | Reached skill level 6 in Axes
  3343 | Sewer    | Entered a sewer
  3372 | Sewer    | Noticed Pargi
  3385 | Sewer    | Killed Pargi
  3600 | D:5      | Reached ** piety under Okawaru
  3772 | D:5      | Reached XP level 8. HP: 54/70 MP: 8/8
  4135 | D:6      | Reached skill level 7 in Axes
  4219 | D:6      | Noticed Menkaure
  4228 | D:6      | Killed Menkaure
  4374 | D:6      | Noticed Edmund
  4391 | D:6      | Killed Edmund
  4748 | D:6      | Noticed Grinder
  4766 | D:6      | Reached *** piety under Okawaru
  4778 | D:6      | HP: 3/71 [Grinder/nerve-wracking pain (2)]
  4779 | D:6      | HP: 1/71 [Grinder (1)]
  4780 | D:6      | Killed from afar by Grinder

Illustrated notes

Levels and vault maps discovered:
D:1:      zelgadis_glass_arrival_small, layout_loops_ring
D:2:      layout_loops_ring, kennysheep_generic_room_4
D:3:      layout_loops_ring, grunt_temple_overflow_open, old_standard_altar,
          shapermc_ecumenical_altar_rom_forum, uniq_jessica
D:4:      layout_loops_cross, ashenzari_altar_1, lemuel_temple_firewalk_a,
          nicolae_ossuary_entry_monument, st_stairs_13, nrook_mini_vaults
D:5:      layout_loops_cross, portal_sewer_entry_f
D:6:      layout_loops_cross, serial_rivers, chequers_serial_rivers_micro_b,
          chequers_serial_rivers_micro_e, chequers_serial_rivers_small_3,
          chequers_serial_rivers_large_a, serial_bayou_crossing, uniq_menkaure,
          uniq_edmund, uniq_grinder
Temple:   hc_temple_tempest_star

Skill      XL: |  1  2  3  4  5  6  7  8 |
---------------+-------------------------+-----
Axes           | 3 4 5 6 7 |  7.9
Fighting       | 4 5 6 |  6.4
Armour         | 4 5 6 |  6.4
Throwing       | 1 2 3 4 |  4.2
Shields        | 4 5 6 |  6.4
Invocations    | 1 2 3 |  3.5

Action                     |  1- 3 |  4- 6 |  7- 9 || total
---------------------------+-------+-------+-------++-------
  Melee: War axe           |   101 |    81 |   127 ||   309
         Headbutt          |    10 |    11 |    25 ||    46
  Throw: Dart              |     3 |     3 |     5 ||    11
    Use: Scroll            |     3 |     2 |     5 ||    10
         Potion            |       |     1 |     2 ||     3
 Armour: Scale mail        |    68 |    41 |    73 ||   182
  Dodge: Dodged            |    47 |    36 |    63 ||   146
  Block: Buckler           |    35 |    35 |    88 ||   158
         Reflection        |       |     2 |     2 ||     4

Table legend: (Time is in decaauts)
 A = Elapsed time spent in this place.
 B = Non-inter-level travel time spent in this place.
 C = Inter-level travel time spent in this place.
 D = Time resting spent in this place.
 E = Time spent auto-exploring this place.
 F = Levels seen in this place.
 G = Mean time per level.
                   A        B        C        D        E       F      G
               +--------+--------+--------+--------+--------+-----+--------+
         Total |   4883 |   4745 |    138 |      0 |   3067 |   9 |  542.6 |
       Dungeon |   4670 |   4532 |    138 |      0 |   3055 |   6 |  778.3 |
        Temple |      1 |      1 |      0 |      0 |      0 |   1 |    1.0 |
         Sewer |     95 |     95 |      0 |      0 |     12 |   1 |   95.0 |
       Ossuary |    114 |    114 |      0 |      0 |      0 |   1 |  114.0 |
               +--------+--------+--------+--------+--------+-----+--------+

Top non-repeatable levels by time:
     D:4: 885 daAuts
     D:5: 847 daAuts
     D:2: 784 daAuts
     D:6: 730 daAuts
     D:1: 721 daAuts
     D:3: 701 daAuts
 Ossuary: 114 daAuts
   Sewer: 95 daAuts
  Temple: 1 daAuts
